 Dungeon Crawl Stone Soup version 0.20-a0-11-ga97c7b5 (webtiles) character file.

44615 dobroeutro the Basher (level 14, -7/92 HPs)
             Began as a Gargoyle Fighter on Nov 2, 2016.
             Was the Champion of Okawaru.
             Mangled by a death yak (17 damage)
             ... on level 5 of the Lair of Beasts.
             The game lasted 00:33:24 (18713 turns).

dobroeutro the Basher (Gargoyle Fighter)           Turns: 18713, Time: 00:33:25

Health: -7/92      AC: 38    Str: 26    XL:     14   Next: 29%
Magic:  0/17       EV: 18    Int: 13    God:    Okawaru [******]
Gold:   1675       SH: 14    Dex: 11    Spells: 0 memorised, 13 levels left

rFire  . . .     SeeInvis .     r - +4 eveningstar (protect)
rCold  + + .     Gourm    .     l - +4 ring mail "Mosienuth" {*Drain +Fly rC++ Int+4}
rNeg   + + .     Faith    .     c - +0 shield
rPois  ∞         Spirit   +     T - +2 hat {Spirit}
rElec  +         Reflect  .     Q - +2 cloak {MR+}
rCorr  .         Harm     .     R - +0 pair of gloves {Str+3}
MR     +++..                    F - +0 pair of boots (curse)
Stlth  ++........               K - amulet of rage
                                U - ring of protection from magic
                                M - ring of positive energy

@: heroism, protection aura
A: big wings, negative energy resistance 1, electricity resistance, unbreathing,
petrification resistance, rot immunity, AC +9
a: Fly, Heroism, Finesse, Renounce Religion, Evoke Berserk Rage, Evoke Flight


You were on level 5 of the Lair of Beasts.
You worshipped Okawaru.
Okawaru was exalted by your worship.
You were hungry.

You visited 3 branches of the dungeon, and saw 19 of its levels.

You collected 1675 gold pieces.

Inventory:

Hand Weapons
 r - a +4 eveningstar of protection (weapon)
 E - a +0 morningstar of protection
Armour
 c - a +0 shield (worn)
 l - the +4 ring mail "Mosienuth" (worn) {*Drain +Fly rC++ Int+4}
   (You found it on level 6 of the Lair of Beasts)

   It affects your intelligence (+4).
   It greatly protects you from cold.
   It lets you fly.
   It causes draining when unequipped.
 F - a cursed +0 pair of boots (worn)
 Q - a +2 cloak of magic resistance (worn)
 R - a +0 pair of gloves of strength (worn)
 T - a +2 hat of spirit shield (worn)
Jewellery
 i - an uncursed ring of fire
 y - an uncursed amulet of faith {unknown}
 K - an amulet of rage (around neck)
 M - a ring of positive energy (left hand)
 U - a ring of protection from magic (right hand)
Wands
 b - a wand of polymorph (7/24)
 p - a wand of confusion (33/48)
 t - a wand of paralysis (12/24)
 x - a wand of lightning (7/15)
 L - a wand of digging (16/24)
 S - a wand of enslavement (5/24)
Scrolls
 j - a scroll of fog
 k - 2 scrolls of blinking
 s - 4 scrolls of teleportation
 v - 8 scrolls of remove curse
 A - 2 scrolls of fear
 C - a scroll of summoning {unknown}
 G - a scroll of random uselessness
 H - a scroll of amnesia
 N - 6 scrolls of magic mapping
 P - 2 scrolls of enchant armour
 V - a scroll of recharging
 W - 6 scrolls of identify
 Z - a scroll of enchant weapon
Potions
 a - 5 potions of ambrosia
 d - 2 potions of might
 e - 3 potions of agility
 h - a potion of mutation
 m - 3 potions of cure mutation
 n - 6 potions of flight
 o - 4 potions of lignification
 q - 6 potions of curing
 u - a potion of beneficial mutation
 w - 7 potions of haste
 z - 5 potions of cancellation
 B - 2 potions of resistance {unknown}
 I - 3 potions of brilliance
 O - a potion of berserk rage {unknown}
 X - 2 potions of degeneration {unknown}
Comestibles
 f - 10 bread rations
 g - 12 slices of pizza
 D - 22 fruits
 J - 2 meat rations
 Y - 9 royal jellies


   Skills:
 + Level 12.2(17.2) Fighting
 * Level 12.5(17.5) Maces & Flails
 - Level 12.0(17.0) Armour
 + Level 9.2(14.2) Dodging
 + Level 10.2(15.2) Shields
 + Level 5.2 Invocations


You had 13 spell levels left.
You didn't know any spells.

Dungeon Overview and Level Annotations

Branches:
Dungeon (12/15)            Temple (1/1) D:6            Lair (6/6) D:10
  Swamp (0/4) Lair:3       Spider (0/4) Lair:3        Slime (0/5) Lair:5
    Orc (0/2) D:12

Altars:
Ashenzari
Cheibriados
Dithmenos
Elyvilon
Fedhas
Gozag
Hepliaklqana
Kikubaaqudgha
Makhleb
Nemelex Xobeh
Okawaru
Qazlal
Ru
Sif Muna
Trog
Uskayaw
Vehumet
Xom
Yredelemnul
Zin
The Shining One

Shops:
D:3 *   D:8 *   D:9 }   D:10 *

Annotations:
Lair:2 exclusion: oklob plant


Innate Abilities, Weirdness & Mutations

You are resistant to torment.
Your stone body is resilient. (AC +9)
You are immune to poison.
Your large and strong wings let you fly indefinitely.
You resist negative energy. (rN+)
You are resistant to electric shocks. (rElec)
You can survive without breathing.
You are immune to petrification.
You are immune to rotting.


Message History

The death yak is almost dead.
The death yak gores you!
* * * LOW HITPOINT WARNING * * *
The death yak closely misses you.
You sock the death yak!
You kill the death yak!
Okawaru accepts your kill.
The death yak gores you but does no damage.
There is a stone staircase leading up here.
The death yak gores you!
* * * LOW HITPOINT WARNING * * *
You climb upwards.
There is a stone staircase leading down here.
You gain the combat prowess of a mighty hero.
The death yak gores you but does no damage.
You hit the death yak.
Your weapon exudes an aura of protection.
The death yak is lightly wounded.
The death yak gores you!!
You die...

......................>.>........
.............P.###...##.....#..P#
............P### #########..#####
?...........P.# ####### #
.............P#########.#########
.....[.......##.##.P#P#.##P.##P#.
...........................P.....
................Y................
................@)...............
.................................
.................................
.................................
.................................
.................................
...(.............................
.................................
.................................


You could see a death yak.

Vanquished Creatures
  Gastronok (D:12)
  4 hydras
  Harold (Lair:2)
  A centaur warrior (D:10)
  A tengu warrior (D:10)
  The ghost of dobroeutro the Basher, a journeyman GrFi of Okawaru (D:11)
  A deep troll earth mage (D:8)
  3 death yaks (Lair:6)
  The ghost of confidenceinterval the Basher, a novice GrGl of Okawaru (D:10)
  A cyclops (D:11)
  2 deep elf magi
  A rust devil (D:11)
  A manticore (D:9)
  8 elephants
  2 torpor snails
  A gargoyle (D:12)
  6 spiny frogs
  3 black mambas
  A yaktaur (D:9)
  5 komodo dragons
  A rime drake (Lair:6)
  An efreet (D:9)
  A tengu conjurer (D:10)
  A queen bee (Lair:5)
  3 meliai (Lair:5)
  3 trolls
  A tyrant leech (Lair:6)
  7 blink frogs
  9 hippogriffs
  6 dream sheep
  Sigmund (D:5)
  A redback (Lair:3)
  3 basilisks
  5 wyverns
  29 yaks
  3 hungry ghosts
  A soldier ant (D:12)
  14 water moccasins
  A swamp worm (Lair:6)
  7 porcupines
  7 orc warriors
  A swamp drake (Lair:3)
  An ice beast (D:9)
  2 sky beasts
  The ghost of namnharef the Skirmisher, an amateur HOFi (D:4)
  6 black bears
  8 ogres
  20 wolves
  12 centaurs
  7 crocodiles
  5 big kobolds
  10 bullfrogs
  A gnoll sergeant (D:10)
  A wyvern skeleton (D:12)
  4 scorpions
  41 killer bees
  3 wights (D:11)
  An electric eel (Lair:2)
  2 lava snakes (D:10)
  5 crimson imps
  A bullfrog zombie (D:11)
  A centaur zombie (D:6)
  2 centaur skeletons
  5 hounds
  2 jellies
  A quasit (D:11)
  11 orc priests
  2 bullfrog skeletons
  A gnoll shaman (D:9)
  10 orc wizards
  4 worker ants
  9 iguanas
  3 hound zombies
  10 gnolls
  11 adders
  3 shadow imps
  An ooze (D:3)
  An adder skeleton (D:6)
  2 dart slugs (D:5)
  A worm (D:4)
  10 leopard geckos
  42 orcs
  11 bats
  A giant cockroach (D:5)
  12 hobgoblins
  12 jackals
  3 quokkas
  6 frilled lizards
  4 goblins
  A jackal zombie (D:5)
  7 kobolds
  2 leopard gecko skeletons
  7 rats
480 creatures vanquished.

Vanquished Creatures (others)
  2 frilled lizards (Lair:3)
  2 fungi (D:6)
  3 plants
7 creatures vanquished.

Grand Total: 487 creatures vanquished

Notes
Turn   | Place    | Note
-------+----------+-------------------------------------------
     0 | D:1      | dobroeutro the Gargoyle Fighter began the quest for the Orb.
     0 | D:1      | Reached XP level 1. HP: 14/14 MP: 1/1
   263 | D:1      | Reached XP level 2. HP: 17/19 MP: 2/2
   532 | D:1      | Found a sparkling altar of Nemelex Xobeh.
   705 | D:1      | Reached XP level 3. HP: 5/23 MP: 3/3
  1377 | D:2      | Found a hide-covered altar of Uskayaw.
  1989 | D:3      | Reached XP level 4. HP: 25/28 MP: 4/4
  2120 | D:3      | Found a faded altar of an unknown god.
  2145 | D:3      | Found an opulent altar of Gozag.
  2146 | D:3      | Found Gozag's Platinum Reserve.
  2454 | D:4      | Reached skill level 5 in Maces & Flails
  2454 | D:4      | Reached XP level 5. HP: 28/32 MP: 5/5
  2463 | D:4      | Noticed a water moccasin
  2482 | D:4      | Killed a water moccasin
  2482 | D:4      | Reached skill level 1 in Dodging
  2482 | D:4      | Reached XP level 6. HP: 4/37 MP: 6/6
  3003 | D:4      | Found an iron altar of Okawaru.
  3011 | D:4      | Became a worshipper of Warmaster Okawaru
  3215 | D:4      | Noticed namnharef's ghost (amateur HOFi)
  3227 | D:4      | Killed namnharef's ghost
  3227 | D:4      | Reached XP level 7. HP: 37/44 MP: 7/7
  3493 | D:5      | Entered Level 5 of the Dungeon
  3508 | D:5      | Reached * piety under Okawaru
  3578 | D:5      | Found a glowing golden altar of the Shining One.
  3578 | D:5      | Found a glowing silver altar of Zin.
  3579 | D:5      | Found a white marble altar of Elyvilon.
  3660 | D:5      | Noticed Sigmund
  3669 | D:5      | Killed Sigmund
  3669 | D:5      | Reached skill level 5 in Fighting
  3669 | D:5      | Reached skill level 5 in Armour
  3710 | D:5      | Found a shimmering altar of Xom.
  3922 | D:5      | Reached XP level 8. HP: 40/49 MP: 8/8
  4007 | D:5      | Found a shattered altar of Ashenzari.
  4185 | D:6      | Reached ** piety under Okawaru
  4326 | D:6      | Found a staircase to the Ecumenical Temple.
  4384 | Temple   | Entered the Ecumenical Temple
  4678 | D:6      | Found a shattered altar of Ashenzari.
  4683 | D:6      | Saw a vision of the Swamp and the Spider Nest.
  4683 | D:6      | Noticed a redback
  4683 | D:6      | Noticed a wolf spider
  4683 | D:6      | Noticed a redback
  4683 | D:6      | Noticed a wolf spider
  4683 | D:6      | Noticed a wolf spider
  4683 | D:6      | Noticed an alligator
  4684 | D:6      | Noticed a hornet
  4684 | D:6      | Noticed a redback
  4726 | D:6      | Found an ancient bone altar of Kikubaaqudgha.
  5079 | D:7      | Found a sacrificial altar of Ru.
  5200 | D:7      | Reached XP level 9. HP: 26/55 MP: 5/9
  5456 | D:7      | Reached *** piety under Okawaru
  5877 | D:7      | Found a deep blue altar of Sif Muna.
  6607 | D:8      | Found Niguwih's General Store.
  6726 | D:9      | Found a stormy altar of Qazlal.
  6773 | D:9      | Received a gift from Okawaru
  6773 | D:9      | Reached skill level 5 in Dodging
  6797 | D:9      | Reached XP level 10. HP: 23/64 MP: 4/10
  6819 | D:9      | HP: 3/64 [ogre/giant spiked club (13)]
  6825 | D:9      | Reached **** piety under Okawaru
  7112 | D:9      | Identified a scroll of acquirement
  7558 | D:9      | Found Xintebla's Gadget Boutique.
  7558 | D:9      | Noticed a deep elf mage
  7574 | D:9      | Killed a deep elf mage
  7763 | D:10     | Entered Level 10 of the Dungeon
  7779 | D:10     | Reached ***** piety under Okawaru
  7781 | D:10     | Found Fenycsyw's Assorted Antiques.
  7898 | D:10     | Noticed confidenceinterval's ghost (novice GrGl)
  8027 | D:10     | HP: 3/65 [centaur warrior skeleton (3)]
  8382 | D:9      | Reached skill level 5 in Shields
  8400 | D:9      | Noticed a five-headed hydra
  8402 | D:9      | Noticed a deep troll earth mage
  8656 | D:8      | Killed a deep troll earth mage
  8656 | D:8      | Reached XP level 11. HP: 35/71 MP: 2/11
  8739 | D:9      | Killed a five-headed hydra
  8747 | D:9      | HP: 1/71 [efreet/fireball (15)]
  9462 | D:9      | Noticed a manticore
  9473 | D:9      | Killed a manticore
  9575 | D:9      | Received a gift from Okawaru
  9686 | D:10     | Killed confidenceinterval's ghost
  9686 | D:10     | Reached ****** piety under Okawaru
  9747 | D:10     | Found a staircase to the Lair.
  9798 | D:10     | Noticed a tengu warrior
  9821 | D:10     | Killed a tengu warrior
  9879 | D:10     | Noticed a three-headed hydra
  9889 | D:10     | Reached skill level 10 in Armour
  9896 | D:10     | Killed a three-headed hydra
  9907 | D:10     | Received a gift from Okawaru
  9930 | D:10     | Reached skill level 10 in Maces & Flails
 10047 | D:10     | Reached skill level 10 in Fighting
 10065 | D:11     | Noticed a centaur warrior
 10084 | D:10     | Killed a centaur warrior
 10084 | D:10     | Reached XP level 12. HP: 42/77 MP: 7/12
 10640 | D:11     | Noticed dobroeutro's ghost (journeyman GrFi)
 10651 | D:11     | Killed dobroeutro's ghost
 10701 | D:11     | Found a basalt altar of Yredelemnul.
 11461 | D:12     | Found a staircase to the Orcish Mines.
 12041 | D:12     | Noticed Gastronok
 12068 | D:12     | Killed Gastronok
 12192 | D:12     | Received a gift from Okawaru
 12363 | D:12     | Found a shimmering altar of Xom.
 12898 | Lair:1   | Entered Level 1 of the Lair of Beasts
 13356 | Lair:1   | Reached XP level 13. HP: 53/84 MP: 8/13
 13645 | Lair:2   | Reached skill level 1 in Invocations
 13844 | Lair:2   | Noticed Harold
 13865 | Lair:2   | Killed Harold
 14799 | Lair:3   | Found a staircase to the Swamp.
 14811 | Lair:3   | Received a gift from Okawaru
 14939 | Lair:3   | Found a hole to the Spider Nest.
 17335 | Lair:5   | Found a staircase to the Slime Pits.
 17617 | Lair:6   | Entered Level 6 of the Lair of Beasts
 17655 | Lair:6   | Gained mutation: Your large and strong wings let you fly indefinitely. [Gargoyle growth]
 17655 | Lair:6   | Reached XP level 14. HP: 69/91 MP: 13/17
 17824 | Lair:6   | Got a fine ring mail
 17835 | Lair:6   | Identified the +4 ring mail "Mosienuth" {*Drain +Fly rC++ Int+4} (You found it on level 6 of the Lair of Beasts)
 17925 | Lair:6   | Reached skill level 10 in Shields
 18025 | Lair:6   | Received a gift from Okawaru
 18060 | Lair:6   | Reached skill level 5 in Invocations
 18713 | Lair:5   | Mangled by a death yak

Vault maps used:
D:1:      roderic_dead_forest, nemelex_xobeh_ov_fountains_minmay
D:2:      old_standard_altar, first_bread
D:3:      nicolae_gozag_zags_fifth_avenue, ecumenical_altar_2
D:4:      kennysheep_okawaru_gauntlet
D:5:      good_gods_temple_1, lemuel_round_altar,
          nicolae_overflow_crystal_walls, uniq_sigmund
D:6:      kennysheep_mini_moat, grunt_ashenzari_visionary
D:7:      nicolae_ru_sacrificial_ziggurat, lemuel_blue_sif_altar
D:8:      serial_shops, kennysheep_mini
D:9:      minmay_klotski, nicolae_qazlal_style_of_elements, serial_shops, shop,
          minivault_26
D:10:     lair_0_dummy, serial_shops, shop, hangedman_ranch, kennysheep_boxes
D:11:     serial_aquarium, aquarium_bridge_island_small, aquarium_window_1,
          aquarium_window_fake, aquarium_window_double, aquarium_view_2c,
          aquarium_balcony_3a, lemuel_hellish_altar
D:12:     orc_0_dummy, basic_altar, uniq_gastronok
Temple:   grunt_temple_mini_profane
Lair:1:   grunt_megastairs_3
Lair:2:   minmay_lair_oklob_bushes, grunt_megastairs_1,
          infiniplex_staircase_pool, serial_bayou_shore_b, uniq_harold
Lair:3:   minmay_swamp_entry_reptiles, spider_nest_entry_rubble
Lair:5:   slime_dummy, special_room
Lair:6:   hangedman_lair_in_review, lemuel_fruit_tree, grunt_megastairs_5,
          serial_bayou_shore_b, serial_bayou_shore_b

Skill      XL: |  1  2  3  4  5  6  7  8  9 10 11 12 13 14 |
---------------+-------------------------------------------+-----
Maces & Flails | 3 4 5 6 7 8 9 10 11 12 | 12.5
Dodging        | 1 2 3 5 6 7 8 9 |  9.2
Fighting       | 4 5 6 7 9 10 11 12 | 12.2
Armour         | 4 5 6 8 9 10 11 12 | 12.0
Shields        | 5 7 8 9 10 | 10.2
Invocations    | 4 5 |  5.2

Action                   |  1- 3 |  4- 6 |  7- 9 | 10-12 | 13-15 || total
-------------------------+-------+-------+-------+-------+-------++-------
Melee: Flail             |   226 |   182 |   611 |    33 |       ||  1052
       Morningstar       |       |       |       |  1014 |   461 ||  1475
       Eveningstar       |       |       |       |       |   311 ||   311
Invok: Heroism           |       |       |     1 |    12 |     1 ||    14
Evoke: Wand              |       |       |       |     8 |       ||     8
  Use: Scroll            |       |       |    14 |    14 |     8 ||    36
       Potion            |       |       |       |     3 |       ||     3
  Eat: Chunk             |     3 |     5 |    12 |    17 |    13 ||    50
       Meat ration       |       |       |     1 |     1 |     1 ||     3
       Beef jerky        |       |       |     1 |     1 |     1 ||     3
       Fruit             |       |       |       |     1 |       ||     1
Armor: Scale mail        |   157 |    93 |   360 |   605 |   457 ||  1672
       Ring mail         |       |       |       |       |    49 ||    49
Dodge: Dodged            |   103 |    61 |   254 |   543 |   521 ||  1482
Block: Shield            |   154 |    99 |   307 |   636 |   607 ||  1803
